 Dungeon Crawl Stone Soup version 0.27-a0-1219-g958d993ae5 (webtiles) character file.

Game seed: 17582730184960109441

14 quinnr the Gusty (level 2, -8/20 HPs)
             Began as a Draconian Air Elementalist on June 6, 2021.
             Mangled by Sigmund
             ... wielding a +0 scythe
              (9 damage)
             ... on level 2 of the Dungeon.
             The game lasted 00:03:38 (1490 turns).

quinnr the Gusty (Draconian Air Elementalist)       Turns: 1490, Time: 00:03:39

Health: -8/20      AC:  4    Str: 10    XL:     2   Next: 27%
Magic:  5/5        EV: 12    Int: 15    God:
Gold:   78         SH:  0    Dex: 11    Spells: 4/5 levels left

rFire    . . .     SeeInvis .   (no weapon)
rCold    . . .     Faith    .   (no shield)
rNeg     . . .     Spirit   .   (armour unavailable)
rPois    .         Reflect  .   (helmet restricted)
rElec    .         Harm     .   b - scarf {+Inv}
rCorr    .         Rampage  .   (no gloves)
Will     .....                  (no boots)
Stlth    ++........             (no amulet)
HPRegen  0.06/turn              (no ring)
MPRegen  0.09/turn              (no ring)

@: no status effects
A: AC +4, unfitting armour, cold-blooded
a: Evoke Invisibility


You were on level 2 of the Dungeon.
You visited 1 branch of the dungeon, and saw 2 of its levels.

You collected 78 gold pieces.

Inventory:

Armour
 b - a scarf of invisibility (worn)
Scrolls
 c - a scroll of summoning {unknown}
Potions
 a - a potion of brilliance {unknown}


   Skills:
 - Level 1.7 Dodging
 - Level 1.7 Stealth
 - Level 2.0 Spellcasting
 * Level 2.3 Conjurations
 - Level 3.0 Air Magic


You had 4 spell levels left.
You knew the following spells:

 Your Spells              Type           Power      Damage    Failure   Level
a - Shock                 Conj/Air       36%        1d5       8%          1

Your spell library contained the following spells:

 Spells                   Type           Power      Damage    Failure   Level
 Static Discharge         Conj/Air       9%         N/A       11%         2
 Swiftness                Air            10%        N/A       19%         3
 Airstrike                Air            5%         N/A       54%         4
 Lightning Bolt           Conj/Air       4%         1d16      90%         5


Dungeon Overview and Level Annotations

Branches:
Dungeon (2/15)

Altars:

Shops:
D:2 *

Annotations:
D:2 Sigmund


Innate Abilities, Weirdness & Mutations

Your plain brown scales are hard. (AC +4)
You cannot fit into any form of body armour.
You are cold-blooded and may be slowed by cold attacks.


Message History

Sigmund points at you and mumbles some strange words.
The magic dart hits you!
You climb upwards.
There is a stone staircase leading down here.
Unknown command.
You start resting.
HP restored.
Done exploring.
There is a stone staircase leading down here.
You climb downwards.
Level annotation: Sigmund A bat comes into view.
A worm comes into view.
Found a scroll labelled DIENADA LAYXTU and a dagger.
There is a stone staircase leading up here.
Unknown command.
A goblin comes into view. It is wielding a +0 dagger.
The bat closely misses you.
The goblin moves out of view.
You can't go up here!
Really walk into a travel-excluded area? [Y]es or [N]o only, please.
Really walk into a travel-excluded area?
A hobgoblin comes into view.
The bat closely misses you.
Sigmund mumbles some strange words.
Sigmund flickers and vanishes!
Deactivating autopickup; reactivate with Ctrl-A.
Really walk into a travel-excluded area?
The bat misses you. The bat hits you but does no damage.
There is a stone staircase leading up here.
The bat barely misses you. x2; Something hits you!
There are monsters nearby!
You miss the bat. The bat barely misses you.
Something hits you but does no damage. The bat hits you but does no damage.
An endoplasm comes into view.
Really walk into a travel-excluded area?
The bat hits you. Something hits you!
* * * LOW HITPOINT WARNING * * *
There is a stone staircase leading up, spattered with blood here.
The bat hits you but does no damage. Something hits you!
You die...

............#..
...............
...............
##..PPP..........
.....∩P..........
....PP...<....#..
........##.###...
........?#.......
r....w##b@...#
......g....###
...).........#
.............#
..r..........#
###..........#
..........).#
##..J.....##.#
......###.# .#


You could see an endoplasm (wandering), a goblin, a bat and a rat (wandering).

Vanquished Creatures
  An endoplasm (D:1)
  A giant cockroach (D:1)
  A goblin (D:1)
  A hobgoblin (D:1)
  A quokka (D:1)
  2 ball pythons (D:1)
  4 bats (D:1)
  2 frilled lizards (D:1)
  2 kobolds (D:1)
15 creatures vanquished.

Notes
Turn   | Place    | Note
-------+----------+-------------------------------------------
     0 | D:1      | quinnr the Draconian Air Elementalist began the quest for
                  | the Orb.
     0 | D:1      | Reached XP level 1. HP: 14/14 MP: 3/3
   417 | D:1      | Reached XP level 2. HP: 20/20 MP: 1/5
  1304 | D:2      | Found Umen's Assorted Antiques.
  1304 | D:2      | Noticed Sigmund
  1489 | D:2      | HP: 1/20 [something (9)]
  1490 | D:2      | Mangled by Sigmund

Illustrated notes

Levels and vault maps discovered:
D:1:      elethiomel_arrival_shortcut, layout_basic
D:2:      layout_rooms, serial_shops, nicolae_shop_overgrown_old_shop,
          shapermc_ecumenical_altar_hornbeckon, basic_altar,
          hangedman_feature_mirror, uniq_sigmund

Skill      XL: |  1 |
---------------+----+-----
Conjurations   | 2 |  2.3
Dodging        | |  1.7
Stealth        | |  1.7
Spellcasting   | |  2.0
Air Magic      | |  3.0

Action                   || total
-------------------------++-------
Melee: Unarmed           ||     3
 Cast: Shock             ||    22
Armor: Skin              ||     6
Dodge: Dodged            ||     9

Table legend: (Time is in decaauts)
 A = Elapsed time spent in this place.
 B = Non-inter-level travel time spent in this place.
 C = Inter-level travel time spent in this place.
 D = Time resting spent in this place.
 E = Time spent auto-exploring this place.
 F = Levels seen in this place.
 G = Mean time per level.
                   A        B        C        D        E       F      G
               +--------+--------+--------+--------+--------+-----+--------+
         Total |   1490 |   1375 |    115 |    347 |    899 |   2 |  745.0 |
       Dungeon |   1490 |   1375 |    115 |    347 |    899 |   2 |  745.0 |
               +--------+--------+--------+--------+--------+-----+--------+

Top non-repeatable levels by time:
     D:1: 1480 daAuts
     D:2: 10 daAuts
